| TOP OF THE 1ST |
|
Williamsport Crosscutters batting - Pitching for Brooklyn Cyclones : RHP R.J. Barr
|
|
Pitching: RHP R.J. Barr
|
|
|
Batting: RHB Eddie Serna
|
0-0: Ball 1-0: SINGLE (Flyball, 4MD, EV 92.5 MPH)
|
|
Batting: LHB Bryant Dill
|
0-0: Called Strike 0-1: Ball Balk! Eddie Serna to second 1-1: Ball 2-1: Ball 3-1: Base on Balls
|
|
Batting: LHB Rich Kuehne
|
0-0: Ball 1-0: Called Strike 1-1: Ball 2-1: Ball 3-1: Foul Ball, location: 2F 3-2: SINGLE (Line Drive, 89M, EV 104.4 MPH) Eddie Serna to third Bryant Dill to second
|
|
Batting: LHB Jean-Claude Vanbiesbrouck
|
0-0: Ball Wild Pitch! Eddie Serna scores Bryant Dill to third Rich Kuehne to second 1-0: Foul Ball, location: 2F 1-1: Ball 2-1: Called Strike 2-2: Ball 3-2: Strikes out looking
|
|
Batting: LHB Jason Duda
|
0-0: Fly out, F9 (Flyball, 9LS, EV 82.5 MPH)
|
|
Batting: RHB Frank Ramirez
|
0-0: Ball 1-0: Ball 2-0: Called Strike 2-1: Foul Ball, location: 2F 2-2: Strikes out swinging
|
| Top of the 1st over - 1 run, 2 hits, 0 errors, 2 left on base; Williamsport 1 - Brooklyn 0 |
| BOTTOM OF THE 1ST |
|
Brooklyn Cyclones batting - Pitching for Williamsport Crosscutters : LHP Josh Schmidt
|
|
Pitching: LHP Josh Schmidt
|
|
|
Batting: SHB Callum Lynch
|
0-0: Ball 1-0: Foul Ball, location: 2F 1-1: Ball 2-1: Bunt missed! 2-2: SINGLE (Groundball, 34D, EV 111.9 MPH)
|
|
Batting: LHB Elmo Dreier
|
0-0: Fielders Choice at 2nd, 4-6 (Groundball, 4, EV 83.1 MPH)
|
|
Batting: RHB Sang-ton Pak
|
0-0: Called Strike Elmo Dreier steals 2nd base (no throw) 0-1: TRIPLE (Flyball, 9LD, EV 91.9 MPH) Elmo Dreier scores
|
|
Batting: RHB Bill Crogan
|
0-0: Ball 1-0: Ball 2-0: Fly out, F7 (Line Drive, 7, EV 104.4 MPH)
|
|
Batting: RHB Rich Cracchiolo
|
0-0: SINGLE (Line Drive, 6MD, EV 97.5 MPH) Sang-ton Pak scores
|
|
Batting: RHB Mike Mathews
|
0-0: Called Strike Rich Cracchiolo steals 2nd base 0-1: SINGLE (Line Drive, 8LS, EV 114.4 MPH) Rich Cracchiolo to third
|
|
Batting: RHB Victor Reyes
|
0-0: Fly out, F9 (Flyball, 9LSF, EV 78.8 MPH)
|
| Bottom of the 1st over - 2 runs, 4 hits, 0 errors, 2 left on base; Williamsport 1 - Brooklyn 2 |
| TOP OF THE 2ND |
|
Williamsport Crosscutters batting - Pitching for Brooklyn Cyclones : RHP R.J. Barr
|
|
Batting: LHB Ryan Young
|
0-0: SINGLE (Groundball, 4MS, EV 68.8 MPH) (infield hit)
|
|
Batting: RHB Teh-huai Jiang
|
0-0: Called Strike Ryan Young is caught stealing 2nd base 2-4 0-1: Ball 1-1: Ball 2-1: Ground out 5-3 (Groundball, 56, EV 90.0 MPH)
|
|
Batting: RHB Rafael Soto
|
0-0: Ball 1-0: Ground out 6-3 (Groundball, 6, EV 86.9 MPH)
|
| Top of the 2nd over - 0 runs, 1 hit, 0 errors, 0 left on base; Williamsport 1 - Brooklyn 2 |
| BOTTOM OF THE 2ND |
|
Brooklyn Cyclones batting - Pitching for Williamsport Crosscutters : LHP Josh Schmidt
|
|
Batting: RHB Matt Tittle
|
0-0: Called Strike 0-1: Foul Ball, location: 2F 0-2: Ball 1-2: Ball 2-2: Foul Ball, location: 2F 2-2: Foul Ball, location: 2F 2-2: Fly out, F3 (Popup, 3F, EV 75.6 MPH)
|
|
Batting: SHB Duri Chilemba
|
0-0: Fly out, F8 (Flyball, 8RM, EV 90.0 MPH)
|
|
Batting: SHB Callum Lynch
|
0-0: DOUBLE (Line Drive, 78D, EV 111.2 MPH)
|
|
Batting: LHB Elmo Dreier
|
0-0: Called Strike 0-1: Ball 1-1: Foul Ball, location: 2F 1-2: Ball 2-2: Ball 3-2: Strikes out swinging
|
| Bottom of the 2nd over - 0 runs, 1 hit, 0 errors, 1 left on base; Williamsport 1 - Brooklyn 2 |
| TOP OF THE 3RD |
|
Williamsport Crosscutters batting - Pitching for Brooklyn Cyclones : RHP R.J. Barr
|
|
Batting: RHB Eddie Serna
|
0-0: Ball 1-0: Called Strike 1-1: Foul Ball, location: 2F 1-2: Ground out 6-3 (Groundball, 6, EV 81.2 MPH)
|
|
Batting: LHB Bryant Dill
|
0-0: Called Strike 0-1: Foul Ball, location: 2F 0-2: Ball 1-2: Strikes out looking
|
|
Batting: LHB Rich Kuehne
|
0-0: Foul Ball, location: 2F 0-1: Ball 1-1: Foul Ball, location: 2F 1-2: Foul Ball, location: 2F 1-2: DOUBLE (Groundball, 3L, EV 98.8 MPH)
|
|
Batting: LHB Jean-Claude Vanbiesbrouck
|
0-0: Ball 1-0: Ball Wild Pitch! Rich Kuehne to third 2-0: Foul Ball, location: 2F 2-1: Swinging Strike 2-2: Ball 3-2: Fly out, F9 (Flyball, 9LS, EV 75.0 MPH)
|
| Top of the 3rd over - 0 runs, 1 hit, 0 errors, 1 left on base; Williamsport 1 - Brooklyn 2 |
| BOTTOM OF THE 3RD |
|
Brooklyn Cyclones batting - Pitching for Williamsport Crosscutters : LHP Josh Schmidt
|
|
Batting: RHB Sang-ton Pak
|
0-0: Ball 1-0: Fly out, F7 (Flyball, 78D, EV 87.5 MPH)
|
|
Batting: RHB Bill Crogan
|
0-0: SINGLE (Groundball, 6MD, EV 105.0 MPH)
|
|
Batting: RHB Rich Cracchiolo
|
0-0: Foul Ball, location: 2F 0-1: Foul Ball, location: 2F 0-2: Foul Ball, location: 2F 0-2: Foul Ball, location: 2F 0-2: Ball 1-2: Ball 2-2: Foul Ball, location: 2F 2-2: Ball Wild Pitch! Bill Crogan to second 3-2: 2-RUN HOME RUN (Line Drive, 7LD, EV 95.6 MPH), Distance : 378 ft
|
|
Batting: RHB Mike Mathews
|
0-0: Ball 1-0: Ball 2-0: Called Strike 2-1: Swinging Strike 2-2: Fly out, F9 (Flyball, 89M, EV 90.0 MPH)
|
|
Batting: RHB Victor Reyes
|
0-0: Called Strike 0-1: Foul Ball, location: 2F 0-2: Ground out 6-3 (Groundball, 6, EV 82.5 MPH)
|
| Bottom of the 3rd over - 2 runs, 2 hits, 0 errors, 0 left on base; Williamsport 1 - Brooklyn 4 |
| TOP OF THE 4TH |
|
Williamsport Crosscutters batting - Pitching for Brooklyn Cyclones : RHP R.J. Barr
|
|
Batting: LHB Jason Duda
|
0-0: Ball 1-0: Swinging Strike 1-1: Swinging Strike 1-2: Strikes out swinging
|
|
Batting: RHB Frank Ramirez
|
0-0: Foul Ball, location: 2F 0-1: Ground out 5-3 (Groundball, 56, EV 88.8 MPH)
|
|
Batting: LHB Ryan Young
|
0-0: Called Strike 0-1: Foul Ball, location: 2F 0-2: Ball 1-2: Strikes out swinging
|
| Top of the 4th over - 0 runs, 0 hits, 0 errors, 0 left on base; Williamsport 1 - Brooklyn 4 |
| BOTTOM OF THE 4TH |
|
Brooklyn Cyclones batting - Pitching for Williamsport Crosscutters : LHP Josh Schmidt
|
|
Batting: RHB Matt Tittle
|
0-0: Ball 1-0: Ball 2-0: Foul Ball, location: 2F 2-1: SINGLE (Groundball, 6D, EV 102.5 MPH)
|
|
Batting: SHB Duri Chilemba
|
0-0: Ball 1-0: Grounds into double play, 4-6-3 (Groundball, 4S, EV 83.8 MPH)
|
|
Batting: SHB Callum Lynch
|
0-0: Ball 1-0: SINGLE (Line Drive, 56, EV 95.0 MPH)
|
|
Batting: LHB Elmo Dreier
|
0-0: Ball 1-0: Ball 2-0: Ball 3-0: Called Strike 3-1: Base on Balls Callum Lynch to second
|
|
Batting: RHB Sang-ton Pak
|
0-0: Ball 1-0: Ball 2-0: Ball 3-0: Called Strike 3-1: Called Strike 3-2: Base on Balls Callum Lynch to third Elmo Dreier to second
|
|
Batting: RHB Bill Crogan
|
0-0: GRAND SLAM HOME RUN (Flyball, 7D, EV 102.5 MPH), Distance : 402 ft
|
|
Pitching: LHP Justin Thornton
|
|
|
Batting: RHB Rich Cracchiolo
|
0-0: Ball 1-0: Ball 2-0: Ball 3-0: Base on Balls
|
|
Batting: RHB Mike Mathews
|
0-0: Ball Wild Pitch! Rich Cracchiolo to second 1-0: Ball 2-0: Foul Ball, location: 2F 2-1: Fly out, F9 (Flyball, 9S, EV 86.2 MPH)
|
| Bottom of the 4th over - 4 runs, 3 hits, 0 errors, 1 left on base; Williamsport 1 - Brooklyn 8 |
| TOP OF THE 5TH |
|
Williamsport Crosscutters batting - Pitching for Brooklyn Cyclones : RHP R.J. Barr
|
|
Batting: RHB Teh-huai Jiang
|
0-0: Called Strike 0-1: Ball 1-1: Swinging Strike 1-2: Strikes out swinging
|
|
Batting: RHB Rafael Soto
|
0-0: Called Strike 0-1: Swinging Strike 0-2: Foul Ball, location: 2F 0-2: Ball 1-2: Foul Ball, location: 2F 1-2: SINGLE (Flyball, 3D, EV 86.2 MPH)
|
|
Batting: RHB Eddie Serna
|
0-0: Called Strike 0-1: Ball 1-1: Ball 2-1: Foul Ball, location: 2F 2-2: Ball 3-2: SINGLE (Groundball, 5S, EV 72.5 MPH) (infield hit) Rafael Soto to second
|
|
Batting: LHB Bryant Dill
|
0-0: Called Strike 0-1: Foul Ball, location: 2F 0-2: Foul Ball, location: 2F 0-2: Ball 1-2: Ball 2-2: Strikes out swinging
|
|
Batting: LHB Rich Kuehne
|
0-0: SINGLE (Flyball, 9S, EV 83.1 MPH) Rafael Soto to third Eddie Serna to second Runner from 3rd tries for Home, SAFE, throw by RF to home
|
|
Batting: LHB Jean-Claude Vanbiesbrouck
|
0-0: Swinging Strike 0-1: Foul Ball, location: 2F 0-2: Ground out 5-3 (Groundball, 5S, EV 84.4 MPH)
|
| Top of the 5th over - 1 run, 3 hits, 0 errors, 2 left on base; Williamsport 2 - Brooklyn 8 |
| BOTTOM OF THE 5TH |
|
Brooklyn Cyclones batting - Pitching for Williamsport Crosscutters : LHP Justin Thornton
|
|
Batting: RHB Victor Reyes
|
0-0: SOLO HOME RUN (Flyball, 78XD, EV 104.4 MPH), Distance : 413 ft
|
|
Batting: RHB Matt Tittle
|
0-0: Hit by Pitch
|
|
Batting: SHB Duri Chilemba
|
0-0: Ball 1-0: Called Strike 1-1: Ball 2-1: Foul Ball, location: 2F 2-2: Grounds into double play, 3-6-3 (Groundball, 34, EV 78.8 MPH)
|
|
Batting: SHB Callum Lynch
|
0-0: Ball 1-0: Ball 2-0: Ball 3-0: Called Strike 3-1: Fly out, F3 (Popup, 3S, EV 80.6 MPH)
|
| Bottom of the 5th over - 1 run, 1 hit, 0 errors, 0 left on base; Williamsport 2 - Brooklyn 9 |
| TOP OF THE 6TH |
|
Williamsport Crosscutters batting - Pitching for Brooklyn Cyclones : RHP R.J. Barr
|
|
Batting: LHB Jason Duda
|
0-0: Foul Ball, location: 2F 0-1: Ball 1-1: Ball 2-1: Foul Ball, location: 2F 2-2: Strikes out swinging
|
|
Batting: RHB Frank Ramirez
|
0-0: Called Strike 0-1: Ball 1-1: Ball 2-1: Foul Ball, location: 2F 2-2: Ball 3-2: SINGLE (Line Drive, 8LS, EV 101.2 MPH)
|
|
Batting: LHB Ryan Young
|
0-0: Ball Frank Ramirez steals 2nd, throwing error, E2 Frank Ramirez to third 1-0: Ground out U3 (Groundball, 3, EV 80.0 MPH)
|
|
Batting: RHB Teh-huai Jiang
|
0-0: Foul Ball, location: 2F 0-1: Ball 1-1: Ball 2-1: Called Strike 2-2: SINGLE (Line Drive, 4MD, EV 98.8 MPH) Frank Ramirez scores
|
|
Pitching: RHP Mike Richardson
|
|
|
Batting: RHB Rafael Soto
|
0-0: Called Strike 0-1: Called Strike 0-2: Strikes out swinging
|
| Top of the 6th over - 1 run, 2 hits, 1 error, 1 left on base; Williamsport 3 - Brooklyn 9 |
| BOTTOM OF THE 6TH |
|
Brooklyn Cyclones batting - Pitching for Williamsport Crosscutters : LHP Justin Thornton
|
|
Batting: LHB Elmo Dreier
|
0-0: Ball 1-0: Foul Ball, location: 2F 1-1: Called Strike 1-2: Ball 2-2: Ball 3-2: Strikes out swinging
|
|
Batting: RHB Sang-ton Pak
|
0-0: TRIPLE (Line Drive, 9LD, EV 101.9 MPH)
|
|
Batting: RHB Bill Crogan
|
0-0: Ground out 4-3 (Groundball, 4M, EV 79.4 MPH) Sang-ton Pak scores
|
|
Batting: RHB Rich Cracchiolo
|
0-0: Called Strike 0-1: Foul Ball, location: 2F 0-2: Foul Ball, location: 2F 0-2: Ball 1-2: Ball 2-2: Ball 3-2: Ground out 5-3 (Groundball, 5S, EV 79.4 MPH)
|
| Bottom of the 6th over - 1 run, 1 hit, 0 errors, 0 left on base; Williamsport 3 - Brooklyn 10 |
| TOP OF THE 7TH |
|
Williamsport Crosscutters batting - Pitching for Brooklyn Cyclones : RHP Mike Richardson
|
|
Batting: RHB Eddie Serna
|
0-0: Fly out, F3 (Popup, 3SF, EV 80.0 MPH)
|
|
Batting: LHB Bryant Dill
|
0-0: Ball 1-0: Called Strike 1-1: Ball 2-1: Foul Ball, location: 2F 2-2: Ball 3-2: Base on Balls
|
|
Pinch Hitting: RHB Steve Kirby
|
0-0: Ball 1-0: Foul Ball, location: 2F 1-1: Called Strike Bryant Dill steals 2nd base (no throw) 1-2: Strikes out swinging
|
|
Batting: LHB Jean-Claude Vanbiesbrouck
|
0-0: Called Strike 0-1: Swinging Strike 0-2: Strikes out swinging
|
| Top of the 7th over - 0 runs, 0 hits, 0 errors, 1 left on base; Williamsport 3 - Brooklyn 10 |
| BOTTOM OF THE 7TH |
|
Brooklyn Cyclones batting - Pitching for Williamsport Crosscutters : LHP Justin Thornton
|
|
Now in RF: Steve Kirby
|
|
|
Batting: RHB Mike Mathews
|
0-0: Ground out 6-3 (Groundball, 6, EV 88.1 MPH)
|
|
Pinch Hitting: RHB Jack Nickleberry
|
0-0: Ball 1-0: Ball 2-0: Ground out 5-3 (Groundball, 56, EV 88.1 MPH)
|
|
Pinch Hitting: RHB Tom Primmer
|
0-0: Called Strike 0-1: Ball 1-1: Ball 2-1: Foul Ball, location: 2F 2-2: Strikes out swinging
|
| Bottom of the 7th over - 0 runs, 0 hits, 0 errors, 0 left on base; Williamsport 3 - Brooklyn 10 |
| TOP OF THE 8TH |
|
Williamsport Crosscutters batting - Pitching for Brooklyn Cyclones : RHP Mike Richardson
|
|
Now at 1B: Chris Pynn
|
|
|
Now at 2B: Jack Nickleberry
|
|
|
Batting: LHB Jason Duda
|
0-0: Ball 1-0: Called Strike 1-1: Fly out, F2 (Popup, 5SF, EV 80.0 MPH)
|
|
Batting: RHB Frank Ramirez
|
0-0: Ball 1-0: Ground out 3-1 (Groundball, 34, EV 84.4 MPH)
|
|
Batting: LHB Ryan Young
|
0-0: Called Strike 0-1: Swinging Strike 0-2: Ball 1-2: Ball 2-2: Ball 3-2: Ground out U3 (Groundball, 3S, EV 66.2 MPH)
|
| Top of the 8th over - 0 runs, 0 hits, 0 errors, 0 left on base; Williamsport 3 - Brooklyn 10 |
| BOTTOM OF THE 8TH |
|
Brooklyn Cyclones batting - Pitching for Williamsport Crosscutters : LHP Justin Thornton
|
|
Batting: SHB Duri Chilemba
|
0-0: Ball 1-0: Ball 2-0: Foul Ball, location: 2F 2-1: Foul Ball, location: 2F 2-2: Foul Ball, location: 2F 2-2: Foul Ball, location: 2F 2-2: Strikes out swinging
|
|
Batting: SHB Callum Lynch
|
0-0: Ground out 4-3 (Groundball, 4, EV 81.9 MPH)
|
|
Batting: LHB Elmo Dreier
|
0-0: Ball 1-0: Ball 2-0: Swinging Strike 2-1: SINGLE (Groundball, 3S, EV 96.9 MPH)
|
|
Batting: RHB Sang-ton Pak
|
0-0: Ball Elmo Dreier steals 2nd base 1-0: Ball 2-0: Ball 3-0: Base on Balls
|
|
Pitching: RHP Tim Starks
|
|
|
Batting: RHB Bill Crogan
|
0-0: Fielders Choice at 2nd, 5-4 (Groundball, 5, EV 94.4 MPH)
|
| Bottom of the 8th over - 0 runs, 1 hit, 0 errors, 2 left on base; Williamsport 3 - Brooklyn 10 |
| TOP OF THE 9TH |
|
Williamsport Crosscutters batting - Pitching for Brooklyn Cyclones : RHP Mike Richardson
|
|
Batting: RHB Teh-huai Jiang
|
0-0: Called Strike 0-1: Ball 1-1: Foul Ball, location: 2F 1-2: Strikes out swinging
|
|
Pinch Hitting: LHB Travis Hahn
|
0-0: Foul Ball, location: 2F 0-1: Called Strike 0-2: Fly out, F7 (Flyball, 7LM, EV 91.9 MPH)
|
|
Batting: RHB Eddie Serna
|
0-0: TRIPLE (Line Drive, 78XD, EV 108.1 MPH)
|
|
Pinch Hitting: RHB Allen Deschamps
|
0-0: Ball 1-0: Foul Ball, location: 2F 1-1: Foul Ball, location: 2F 1-2: Foul Ball, location: 2F 1-2: Foul Ball, location: 2F 1-2: Strikes out swinging
|
| Top of the 9th over - 0 runs, 1 hit, 0 errors, 1 left on base; Williamsport 3 - Brooklyn 10 |
|